 Dungeon Crawl Stone Soup version 0.28-a0-472-g50180c0d78 (webtiles) character file.

Game seed: 4818632479041139039

4968 Dabor the Spear-Bearer (level 10, 0/79 HPs)
             Began as a Formicid Abyssal Knight on Sept 15, 2021.
             Was an Elder of Lugonu.
             Slain by Erica (11 damage)
             ... on level 8 of the Dungeon.
             The game lasted 00:20:33 (8704 turns).

Dabor the Spear-Bearer (Formicid Abyssal Knight)    Turns: 8704, Time: 00:20:34

Health: 0/79       AC: 15    Str: 19    XL:     10   Next: 82%
Magic:  15/15      EV:  7    Int: 13    God:    Lugonu [****..]
Gold:   356        SH:  0    Dex: 10    Spells: 9/9 levels left

rFire   . . .      SeeInvis +   r - +6 spear (venom)
rCold   . . .      Faith    +   (no shield)
rNeg    . . .      Spirit   .   h - +0 plate armour
rPois   .          Reflect  .   (helmet unavailable)
rElec   .          Harm     .   (no cloak)
rCorr   .          Rampage  .   y - +0 pair of gloves
Will    +....                   w - +0 pair of boots
Stlth   ..........              s - amulet of faith
HPRegen 0.23/turn               j - +4 ring of slaying
MPRegen 0.14/turn               (no ring)

@: silenced
A: permanent stasis, dig shafts and tunnels, antennae 3, four strong arms
a: Dig, Shaft Self, Renounce Religion


You were on level 8 of the Dungeon.
You worshipped Lugonu.
Lugonu was greatly pleased with you.
You visited 1 branch of the dungeon, and saw 8 of its levels.
You visited the Abyss 1 time.

You collected 356 gold pieces.

Inventory:

Hand Weapons
 a - a +1 spear
 n - a +3 vorpal spear
 r - a +6 spear of venom (weapon)
Missiles
 k - 14 poisoned darts (quivered)
 x - 3 boomerangs
Armour
 b - a +0 leather armour
 e - a +0 chain mail
 h - a +0 plate armour (worn)
 w - a +0 pair of boots (worn)
 y - a +0 pair of gloves (worn)
Jewellery
 j - a +4 ring of slaying (left hand)
 s - an amulet of faith (around neck)
Wands
 o - a wand of paralysis (10)
Scrolls
 i - a scroll of immolation
 t - a scroll of identify
 v - a scroll of amnesia
Potions
 d - a potion of magic
 f - 2 potions of brilliance
 g - a potion of degeneration
 l - a potion of berserk rage
 p - a potion of mutation {unknown}
 u - a potion of ambrosia {unknown}
 z - a potion of might {unknown}


   Skills:
 + Level 7.2 Fighting
 * Level 8.7 Polearms
 - Level 5.0 Throwing
 + Level 6.8 Armour
 - Level 5.0 Dodging
 + Level 7.4 Invocations


You had 9 spell levels left.
You didn't know any spells.
Your spell library contained the following spells:

 Spells                   Type           Power      Damage    Failure   Level
 Magic Dart               Conj           0%         1d3       100%        1
 Searing Ray              Conj           0%         2d4       100%        2
 Dazzling Flash           Conj/Hex       0%         N/A       100%        3
 Fulminant Prism          Conj/Hex       0%         3d6       100%        4
 Iskenderun's Mystic Bla  Conj/Tloc      0%         2d3       100%        4
 Leda's Liquefaction      Hex/Erth       0%         N/A       100%        4
 Lee's Rapid Deconstruct  Erth           0%         3d5*      100%        5
 Starburst                Conj/Fire      0%         6d3       100%        6
 Statue Form              Tmut/Erth      0%         N/A       100%        6


Dungeon Overview and Level Annotations

Branches:
Dungeon (8/15)             Temple (0/1) D:6            Lair (0/6) D:8

Altars:
Ashenzari
Cheibriados
Elyvilon
Fedhas
Gozag
Hepliaklqana
Makhleb
Nemelex Xobeh
Xom
Zin
The Shining One

Annotations:
D:8 Erica


Innate Abilities, Weirdness & Mutations

You cannot be hasted, slowed, berserked, paralysed or teleported.
You can dig through walls and to a lower floor.
You have a pair of large antennae on your head. (SInv)
Your four strong arms can wield two-handed weapons with a shield.


Message History

Erica is heavily wounded.
Erica hits you but does no damage.
Okay, then.
You barely miss Erica.
Erica is heavily wounded.
The jelly jiggles.
Erica hits you but does no damage.
You closely miss Erica.
Erica is heavily wounded.
Erica hits you with a +2 scimitar of flaming.
* * * LOW HITPOINT WARNING * * *
Erica burns you.
* * * LOW HITPOINT WARNING * * *
You hit Erica.
Erica looks as sick as possible!
Erica is heavily wounded.
Erica completely misses you.
Magic scrolls do not work when you're silenced!
It was a potion of berserk rage.
Your stasis prevents you from going berserk.
Erica hits you but does no damage. The jelly hits you but does no damage.
It was a potion of heal wounds.
You feel much better.
Erica hits you with a +2 scimitar of flaming.
Erica burns you.
Erica hits you with a +2 scimitar of flaming.
* * * LOW HITPOINT WARNING * * *
Erica burns you.
* * * LOW HITPOINT WARNING * * *
The jelly hits you but does no damage.
Okay, then.
You hit Erica.
Erica looks as sick as possible!
Erica is severely wounded.
Erica hits you with a +2 scimitar of flaming!
* * * LOW HITPOINT WARNING * * *
Erica burns you.
* * * LOW HITPOINT WARNING * * *
Your plate armour prevents you from hitting Erica.
Erica is severely wounded.
The jelly barely misses you.
Erica hits you with a +2 scimitar of flaming!
You die...

# #######
+.........###
#.........#.. .
##.......##.# #
#.^........# #
#.....####.# #
#.....####.# #
#.....#....###
##J....'....'.#
#@@....#....#.####
#..##########'##..
##.# #{..... #+#
#...... .
.......... . {
≈P#.#####.P . ≈≈.
#≈≈ . ≈≈≈ .P≈ .
P♣≈P #≈P≈


You could see Erica (fast, extremely poisoned) and a jelly.

Vanquished Creatures
  A two-headed ogre (D:8)
  Grinder (D:4)
  Sigmund (D:5)
  A wyvern (D:8)
  5 yaks (D:8)
  A steam dragon (D:6)
  2 hornet zombies
  2 sky beasts
  3 black bears
  An ogre (D:5)
  An orc warrior (D:7)
  2 necrophages
  A phantom (D:5)
  A gnoll sergeant (D:7)
  2 scorpions
  2 water moccasin skeletons
  3 wights
  A howler monkey (D:7)
  A bullfrog skeleton (D:7)
  A jelly (D:4)
  2 hounds
  An orc priest (D:5)
  An iron imp (D:5)
  7 orc wizards
  2 killer bee zombies
  A howler monkey zombie (D:8)
  8 gnolls
  5 adders
  An ufetubus (D:5)
  3 worms
  23 orcs
  9 endoplasms
  A giant cockroach (D:1)
  7 goblins
  11 hobgoblins
  4 jackals (D:5)
  6 kobolds
  A quokka (D:3)
  9 ball pythons
  7 bats
  2 frilled lizards
  4 rats (D:1)
148 creatures vanquished.

Vanquished Creatures (collateral kills)
  A water moccasin (D:6)
  A white imp (D:6)
2 creatures vanquished.

Vanquished Creatures (others)
  11 plants (D:8)
11 creatures vanquished.

Grand Total: 161 creatures vanquished

Notes
Turn   | Place    | Note
-------+----------+-------------------------------------------
     0 | Abyss:1  | Dabor the Formicid Abyssal Knight began the quest for the
                  | Orb.
     0 | Abyss:1  | Reached XP level 1. HP: 18/18 MP: 2/2
     8 | D:1      | Escaped the Abyss
    15 | D:1      | Noticed an anaconda
    15 | D:1      | Noticed a polar bear
    16 | D:1      | Noticed a redback
    16 | D:1      | Noticed a snapping turtle
   120 | D:1      | Reached skill level 1 in Dodging
   325 | D:1      | Reached XP level 2. HP: 21/24 MP: 3/3
   527 | D:1      | Reached * piety under Lugonu
   689 | D:1      | Reached XP level 3. HP: 24/29 MP: 4/4
  1585 | D:2      | Found a faded altar of an unknown god.
  1804 | D:3      | Reached XP level 4. HP: 36/36 MP: 6/6
  2014 | D:3      | Reached skill level 3 in Polearms
  2022 | D:3      | Reached XP level 5. HP: 42/42 MP: 7/7
  2032 | D:3      | Reached ** piety under Lugonu
  2529 | D:4      | Noticed a black bear
  2534 | D:4      | Killed a black bear
  2535 | D:4      | Reached XP level 6. HP: 48/48 MP: 8/8
  2623 | D:4      | Found the +3 hat of Pondering {ponderous, Will+ MP+10
                  | Int+5}
  2645 | D:4      | Reached skill level 4 in Polearms
  2682 | D:4      | Noticed Grinder
  2725 | D:4      | Killed Grinder
  2726 | D:4      | Reached skill level 1 in Throwing
  2726 | D:4      | Reached XP level 7. HP: 44/55 MP: 8/10
  3100 | D:4      | Found a sparkling altar of Nemelex Xobeh.
  3400 | D:5      | Entered Level 5 of the Dungeon
  3521 | D:5      | Reached *** piety under Lugonu
  3553 | D:5      | Noticed Sigmund
  3567 | D:5      | Killed Sigmund
  3568 | D:5      | Reached skill level 5 in Polearms
  3568 | D:5      | Reached XP level 8. HP: 42/61 MP: 11/11
  3580 | D:5      | Reached skill level 5 in Fighting
  3953 | D:5      | Found a snail-covered altar of Cheibriados.
  4089 | D:5      | Reached skill level 5 in Invocations
  4350 | D:5      | Found a faded altar of an unknown god.
  4350 | D:5      | Found an opulent altar of Gozag.
  4358 | D:5      | Found a shimmering altar of Xom.
  4360 | D:5      | Found a hazy altar of Hepliaklqana.
  4362 | D:5      | Found a faded altar of an unknown god.
  4471 | D:6      | Found a white marble altar of Elyvilon.
  4759 | D:6      | Reached skill level 6 in Polearms
  4759 | D:6      | Reached XP level 9. HP: 68/68 MP: 12/12
  4791 | D:6      | Reached skill level 5 in Armour
  5500 | D:6      | Found a staircase to the Ecumenical Temple.
  6208 | D:7      | Noticed a seven-headed hydra
  7215 | D:6      | Reached skill level 7 in Polearms
  7457 | D:7      | Reached **** piety under Lugonu
  7512 | D:7      | Banished a seven-headed hydra
  7513 | D:7      | Reached XP level 10. HP: 34/77 MP: 5/15
  7717 | D:7      | Found a glowing silver altar of Zin.
  7717 | D:7      | Found a burning altar of Makhleb.
  7718 | D:7      | Noticed an Executioner
  7718 | D:7      | Noticed an angel
  7960 | D:8      | Noticed a two-headed ogre
  7972 | D:8      | Killed a two-headed ogre
  7973 | D:8      | Reached skill level 8 in Polearms
  7973 | D:8      | Reached skill level 5 in Dodging
  8088 | D:8      | Found a broken altar of Ashenzari.
  8152 | D:8      | Found a blossoming altar of Fedhas.
  8261 | D:8      | Found a glowing golden altar of the Shining One.
  8314 | D:8      | Reached skill level 5 in Throwing
  8641 | D:8      | Found a staircase to the Lair.
  8671 | D:8      | Noticed Erica
  8691 | D:8      | HP: 2/79 [Erica (7)]
  8699 | D:8      | HP: 2/79 [Erica (2)]
  8704 | D:8      | Slain by Erica

Illustrated notes

Levels and vault maps discovered:
D:1:      onia_arrival_zoo_common, layout_loops_cross, minmay_splitting_lines,
          kennysheep_boxes
D:2:      layout_rooms, shapermc_ecumenical_altar_mp_highgroup
D:3:      layout_basic
D:4:      layout_loops_ring, nemelex_spade_bored_becter, kennysheep_minor_cross,
          uniq_grinder
D:5:      layout_basic, chequers_temple_overflow_minitemple, slow_altar_2,
          uniq_sigmund
D:6:      layout_basic, elyvilon_altar_1, minmay_temple_entry_nine_rooms
D:7:      layout_cave_pools, grunt_temple_overflow_order_and_chaos_2,
          grunt_ministairs_11
D:8:      layout_basic, nicolae_ashenzari_skybound,
          lemuel_coloured_pillars_altar, nicolae_overflow_hidden_temple,
          lair_entry_dummy, serial_bayou_lagoon_a, uniq_erica

Skill      XL: |  1  2  3  4  5  6  7  8  9 10 |
---------------+-------------------------------+-----
Dodging        | 1 2 3 4 5 |  5.0
Armour         | 3 4 6 |  6.8
Invocations    | 3 4 5 6 7 |  7.4
Polearms       | 3 4 5 6 7 8 |  8.7
Fighting       | 4 5 6 7 |  7.2
Throwing       | 1 2 4 5 |  5.0

Action                   |  1- 3 |  4- 6 |  7- 9 | 10-12 || total
-------------------------+-------+-------+-------+-------++-------
Melee: Spear             |   111 |   101 |   255 |    85 ||   552
Throw: Dart              |       |     8 |     2 |     6 ||    16
Invok: Depart the Abyss  |     1 |       |       |       ||     1
       Banish            |       |       |     3 |       ||     3
 Abil: Dig               |       |     2 |       |       ||     2
  Use: Scroll            |     2 |     5 |     9 |     1 ||    17
       Potion            |       |       |     1 |     3 ||     4
 Stab: Sleeping          |     1 |       |       |       ||     1
Armor: Leather armour    |    11 |       |       |       ||    11
       Chain mail        |    20 |       |       |       ||    20
       Plate armour      |    11 |    37 |    95 |    31 ||   174
Dodge: Dodged            |    28 |    17 |    66 |    16 ||   127

Table legend: (Time is in decaauts)
 A = Elapsed time spent in this place.
 B = Non-inter-level travel time spent in this place.
 C = Inter-level travel time spent in this place.
 D = Time resting spent in this place.
 E = Time spent auto-exploring this place.
 F = Levels seen in this place.
 G = Mean time per level.
                   A        B        C        D        E       F      G
               +--------+--------+--------+--------+--------+-----+--------+
         Total |   8620 |   8337 |    283 |   1496 |   5312 |   9 |  957.8 |
       Dungeon |   8612 |   8329 |    283 |   1496 |   5312 |   8 | 1076.5 |
         Abyss |      8 |      8 |      0 |      0 |      0 |   1 |    8.0 |
               +--------+--------+--------+--------+--------+-----+--------+

Top non-repeatable levels by time:
     D:6: 2389 daAuts
     D:7: 1085 daAuts
     D:5: 1012 daAuts
     D:1: 914 daAuts
     D:4: 872 daAuts
     D:3: 849 daAuts
     D:2: 745 daAuts
     D:8: 743 daAuts
 Abyss:1: 8 daAuts
